 Dungeon Crawl Stone Soup version 0.29-a0-275-g389c0b56f3 (webtiles) character file.

Game seed: 15096747407622311997

218 Ordine the Slasher (level 5, -2/32 HPs)
             Began as a Tengu Warper on Mar 10, 2022.
             Slain by an orc warrior
             ... wielding a +0 hand axe
              (9 damage)
             ... on level 3 of the Dungeon.
             The game lasted 00:07:25 (3367 turns).

Ordine the Slasher (Tengu Warper)                   Turns: 3367, Time: 00:07:26

Health: -2/32      AC: 15    Str: 18      XL:     5   Next: 95%
Magic:  0/9        EV:  2    Int: 13      God:
Gold:   170        SH:  4    Dex: 11 (15) Spells: 6/8 levels left

rFire   + . .      SeeInvis .   b - +0 scimitar
rCold   + . .      Faith    .   j - +0 buckler
rNeg    . . .      Spirit   +   l - +0 gold dragon scales
rPois   +          Reflect  .   (helmet restricted)
rElec   .          Harm     .   p - +2 cloak
rCorr   .          Rampage  .   (no gloves)
Will    .....                   (boots unavailable)
Stlth   ..........              k - amulet of guardian spirit
HPRegen 0.00/turn               g - +6 ring of strength
MPRegen 0.11/turn               (no ring)

@: flying quickly and evasively, inhibited regen, quick
A: beak, talons 3, nimble flight, sense surroundings 1, inhibited regeneration
a: no special abilities


You were on level 3 of the Dungeon.
You visited 1 branch of the dungeon, and saw 4 of its levels.

You collected 170 gold pieces.

Inventory:

Hand Weapons
 b - a +0 scimitar (weapon)
Missiles
 d - 7 boomerangs of dispersal
Armour
 j - a +0 buckler (worn)
 l - +0 gold dragon scales (worn)
 p - a +2 cloak (worn)
 u - a +0 leather armour of fire resistance
Jewellery
 g - a +6 ring of strength (left hand)
 k - an amulet of guardian spirit (around neck)
 r - a ring of fire
Wands
 m - a wand of paralysis (14)
Scrolls
 c - a scroll of blinking
 e - 2 scrolls of vulnerability
 i - 2 scrolls of identify
 s - a scroll of enchant armour
 v - a scroll of amnesia
Potions
 h - a potion of attraction


   Skills:
 + Level 3.2 Fighting
 * Level 4.5 Long Blades
 + Level 2.6 Throwing
 - Level 1.1 Armour
 - Level 2.1 Dodging
 + Level 2.0 Shields
 - Level 2.0 Spellcasting
 - Level 2.4 Translocations


You had 6 spell levels left.
You knew the following spells:

 Your Spells              Type           Power      Damage    Failure   Level
a - Blink                 Tloc           14%        N/A       100%        2

Your spell library contained the following spells:

 Spells                   Type           Power      Damage    Failure   Level
 Gell's Gravitas          Tloc           7%         N/A       100%        3
 Lesser Beckoning         Tloc           7%         N/A       100%        3
 Teleport Other           Tloc           7%         N/A       100%        3
 Manifold Assault         Tloc           7%         N/A       100%        5


Dungeon Overview and Level Annotations

Branches:
Dungeon (4/15)
 Temple: D:4-7

Altars:

Annotations:
D:3 dig vault, trasporter, feta's ghost, amateur GrEE


Innate Abilities, Weirdness & Mutations

You have a beak for a mouth.
You have claws for feet.
Your magical nature lets you fly swiftly and evasively.
You passively map a small area around you.
You do not regenerate when monsters are visible.


Message History

You kill the gnoll!
The gnoll hits you but does no damage.
Your Shields skill increases to level 2!
The orc warrior attacks as you move away!
The orc warrior hits you but does no damage.
The orc warrior attacks as you move away!
The orc warrior hits you with a +0 hand axe.
The orc warrior attacks as you move away!
The orc warrior hits you but does no damage.
There is a stone staircase leading up here.
The orc warrior hits you but does no damage.
You fly upwards.
Level annotation: dig vault, trasporter, feta's ghost, amateur GrEE
There is a stone staircase leading down here.
You closely miss the orc warrior. You claw the orc warrior.
The orc warrior is lightly wounded.
The orc warrior hits you but does no damage.
You hit the orc warrior but do no damage.
Your kick misses the orc warrior.
You peck the orc warrior, but do no damage.
The orc warrior is lightly wounded.
The orc warrior barely misses you.
You slash the orc warrior!
The orc warrior is severely wounded.
The orc warrior hits you but does no damage.
The orc warrior hits you with a +0 hand axe.
You closely miss the orc warrior. Your kick misses the orc warrior.
Your peck misses the orc warrior.
The orc warrior is severely wounded.
The orc warrior hits you with a +0 hand axe.
You hit the orc warrior but do no damage.
You claw the orc warrior, but do no damage.
The orc warrior is severely wounded.
The orc warrior hits you with a +0 hand axe.
* * * LOW HITPOINT WARNING * * *
You hit the orc warrior but do no damage.
Your kick misses the orc warrior. You peck the orc warrior.
The orc warrior is severely wounded.
The orc warrior hits you with a +0 hand axe!
You die...

#........# #..........#.....##.#.
'........# #......##..#..[..##.#.
#........# #...................##
#.......<# #................##..#
#........###........##..#.#.##..#
#.........##........+..##.####..#
#.........##........#####.......#
##..†.....##.....o..# #.#####..
#........##....@...# #.# ###
#........##........# ### #
#........##........# #
#################### # #


You could see an orc warrior.

Vanquished Creatures
  A necrophage (D:4)
  2 quasits (D:3)
  2 adders
  3 gnolls (D:4)
  A worm (D:2)
  A dart slug (D:1)
  4 ball pythons
  2 endoplasms (D:4)
  3 giant cockroaches
  4 goblins
  5 hobgoblins
  4 jackals (D:2)
  A quokka (D:3)
  2 bats (D:1)
  A frilled lizard (D:1)
  6 kobolds
  8 rats
50 creatures vanquished.

Notes
Turn   | Place    | Note
-------+----------+-------------------------------------------
     0 | D:1      | Ordine the Tengu Warper began the quest for the Orb.
     0 | D:1      | Reached XP level 1. HP: 12/12 MP: 4/4
   106 | D:1      | Reached XP level 2. HP: 10/17 MP: 6/6
   240 | D:1      | Learned a level 2 spell: Blink
   305 | D:1      | Found a faded altar of an unknown god.
   632 | D:1      | Reached skill level 3 in Long Blades
   921 | D:1      | Reached XP level 3. HP: 18/22 MP: 5/7
  1918 | D:3      | Reached XP level 4. HP: 21/27 MP: 6/8
  2221 | D:3      | Found a transporter.
  2223 | D:3      | Noticed feta's ghost (amateur GrEE)
  2239 | D:3      | Found a transporter.
  2542 | D:3      | Noticed a bullfrog
  2659 | D:3      | Gained mutation: You do not regenerate when monsters are
                  | visible. [potion of mutation]
  2659 | D:3      | Gained mutation: You passively map a small area around you.
                  | [potion of mutation]
  2679 | D:3      | Reached skill level 1 in Shields
  2697 | D:3      | Reached skill level 4 in Long Blades
  2697 | D:3      | Gained mutation: Your magical nature lets you fly swiftly
                  | and evasively. [Tengu growth]
  2697 | D:3      | Reached XP level 5. HP: 10/32 MP: 4/9
  3045 | D:4      | Noticed an orc warrior
  3367 | D:3      | Slain by an orc warrior

Illustrated notes

Levels and vault maps discovered:
D:1:      saegor_arrival_simple_e, layout_rooms, ebering_ecumenical_altar_box
D:2:      layout_loops_cross
D:3:      layout_basic, gammafunk_ghost_stat_death, lightli_corner_chamber
D:4:      layout_basic

Skill      XL: |  1  2  3  4  5 |
---------------+----------------+-----
Long Blades    | 3 4 |  4.5
Throwing       | 2 |  2.6
Shields        | 1 2 |  2.0
Fighting       | 3 |  3.2
Armour         | |  1.1
Dodging        | |  2.1
Spellcasting   | |  2.0
Translocations | |  2.4

Action                   |  1- 3 |  4- 6 || total
-------------------------+-------+-------++-------
Melee: Falchion          |    98 |    49 ||   147
       Kick              |    18 |    13 ||    31
       Peck              |    10 |     7 ||    17
       Scimitar          |       |    24 ||    24
  Use: Potion            |       |     5 ||     5
       Scroll            |       |     7 ||     7
Armor: Leather armour    |    25 |       ||    25
       Gold dragon scale |    27 |   193 ||   220
Dodge: Dodged            |    36 |    27 ||    63
Block: Buckler           |     6 |    23 ||    29

Table legend: (Time is in decaauts)
 A = Elapsed time spent in this place.
 B = Non-inter-level travel time spent in this place.
 C = Inter-level travel time spent in this place.
 D = Time resting spent in this place.
 E = Time spent auto-exploring this place.
 F = Levels seen in this place.
 G = Mean time per level.
                   A        B        C        D        E       F      G
               +--------+--------+--------+--------+--------+-----+--------+
         Total |   3385 |   3235 |    150 |    526 |   2216 |   4 |  846.2 |
       Dungeon |   3385 |   3235 |    150 |    526 |   2216 |   4 |  846.2 |
               +--------+--------+--------+--------+--------+-----+--------+

Top non-repeatable levels by time:
     D:3: 1427 daAuts
     D:1: 1119 daAuts
     D:2: 737 daAuts
     D:4: 100 daAuts
